[ AOE2 MATCH · #470763558 ]
Team RMKhmer vs Aztecs
[ REPLAY ANALYSIS · EXTRACTED FROM THE RECORDED GAME ]
Feudal
—
Castle
—
Imperial
—
| APM avg | 2.5 |
| APM peak | 27 |
| eAPM avg | 1.2 |
| Villagers / military | 4 / 0 |
Focus
⚔️ 0.0% · 🌾 100.0%
Feudal
—
Castle
—
Imperial
—
| APM avg | 14.9 |
| APM peak | 31 |
| eAPM avg | 6.6 |
| Villagers / military | 14 / 0 |
Focus
⚔️ 10.8% · 🌾 89.2%
Feudal
—
Castle
—
Imperial
—
| APM avg | 7.2 |
| APM peak | 25 |
| eAPM avg | 4.3 |
| Villagers / military | 12 / 0 |
Focus
⚔️ 0.0% · 🌾 100.0%
Feudal
—
Castle
—
Imperial
—
| APM avg | 0.3 |
| APM peak | 3 |
| eAPM avg | 0.3 |
| Villagers / military | 0 / 0 |
Feudal
—
Castle
—
Imperial
—
| APM avg | 22.4 |
| APM peak | 61 |
| eAPM avg | 7.0 |
| Villagers / military | 23 / 0 |
Focus
⚔️ 5.0% · 🌾 95.0%
Feudal
—
Castle
—
Imperial
—
| APM avg | 0.6 |
| APM peak | 7 |
| eAPM avg | 0.6 |
| Villagers / military | 0 / 0 |
Feudal
—
Castle
—
Imperial
—
| APM avg | 18.9 |
| APM peak | 40 |
| eAPM avg | 7.9 |
| Villagers / military | 24 / 0 |
Focus
⚔️ 17.4% · 🌾 82.6%
Feudal
—
Castle
—
Imperial
—
| APM avg | 5.8 |
| APM peak | 9 |
| eAPM avg | 3.8 |
| Villagers / military | 12 / 0 |
Focus
⚔️ 13.2% · 🌾 86.8%
Match map
Initial resources + every placement click. Lines = walls · curves = elevation contours. ◆ gold · ⬟ stone · ● berries · ✦ relic · ◌ wall gap
Your base
MoldyShelf59466's base
しこっぴ's base
走水了!'s base
Ghosts_See_Me's base
杨梓激二蚕蛹's base
gjhabraham's base
Flutterby's base
Smoothed initial terrain · ◌ = detected wall gap · hover for details
Inputs per minute
— bigdawg31 - - MoldyShelf59466
Build order — bigdawg31
7 actions detected in the replay
| 0:03 | Build | House |
| 0:06 | Build | House |
| 0:07 | Create | Villager (Male) |
| 0:08 | Create | Villager (Male) |
| 0:08 | Create | Villager (Male) |
| 0:08 | Create | Villager (Male) |
| 0:36 | Build | Mill |
Build order — MoldyShelf59466
27 actions detected in the replay
| 0:03 | Research | Loom |
| 0:04 | Research | Loom |
| 0:05 | Create | Villager (Male) |
| 0:05 | Create | Villager (Male) |
| 0:05 | Create | Villager (Male) |
| 0:05 | Create | Villager (Male) |
| 0:05 | Create | Villager (Male) |
| 0:06 | Create | Villager (Male) |
| 0:13 | Build | House |
| 0:17 | Build | House |
| 2:34 | Build | Palisade Wall |
| 2:43 | Create | Villager (Male) |
| 2:59 | Create | Villager (Male) |
| 4:07 | Create | Villager (Male) |
| 4:08 | Create | Villager (Male) |
| 4:08 | Create | Villager (Male) |
| 4:39 | Create | Villager (Male) |
| 5:17 | Build | House |
| 5:34 | Build | Lumber Camp |
| 6:07 | Build | Mill |
| 7:02 | Build | Palisade Wall |
| 9:25 | Build | Palisade Gate |
| 10:00 | Research | Feudal Age |
| 10:41 | Build | Barracks |
| 11:01 | Create | Villager (Male) |
| 11:01 | Create | Villager (Male) |
| 11:11 | Build | Mining Camp |
Build order — しこっぴ
18 actions detected in the replay
| 0:03 | Research | Loom |
| 0:04 | Create | Villager (Male) |
| 0:05 | Create | Villager (Male) |
| 0:05 | Create | Villager (Male) |
| 0:05 | Create | Villager (Male) |
| 0:15 | Build | House |
| 0:16 | Build | House |
| 0:18 | Build | House |
| 0:21 | Build | House |
| 2:10 | Build | Lumber Camp |
| 2:19 | Create | Villager (Male) |
| 2:51 | Create | Villager (Male) |
| 2:52 | Create | Villager (Male) |
| 3:49 | Create | Villager (Male) |
| 3:49 | Create | Villager (Male) |
| 4:38 | Create | Villager (Male) |
| 4:38 | Create | Villager (Male) |
| 4:39 | Create | Villager (Male) |
Build order — 走水了!
0 actions detected in the replay
Build order — Ghosts_See_Me
34 actions detected in the replay
| 0:30 | Build | House |
| 1:57 | Research | Loom |
| 1:57 | Create | Villager (Male) |
| 1:58 | Create | Villager (Male) |
| 1:58 | Create | Villager (Male) |
| 1:58 | Create | Villager (Male) |
| 1:58 | Create | Villager (Male) |
| 1:59 | Create | Villager (Male) |
| 1:59 | Create | Villager (Male) |
| 5:59 | Build | Palisade Wall |
| 6:18 | Build | Mill |
| 6:26 | Build | Lumber Camp |
| 6:46 | Create | Villager (Male) |
| 6:47 | Create | Villager (Male) |
| 6:47 | Create | Villager (Male) |
| 6:47 | Create | Villager (Male) |
| 6:47 | Create | Villager (Male) |
| 6:47 | Create | Villager (Male) |
| 7:39 | Build | House |
| 7:41 | Build | House |
| 7:42 | Build | House |
| 7:43 | Build | House |
| 8:08 | Create | Villager (Male) |
| 8:08 | Create | Villager (Male) |
| 8:38 | Build | Palisade Gate |
| 8:48 | Create | Villager (Male) |
| 8:48 | Create | Villager (Male) |
| 9:06 | Create | Villager (Male) |
| 9:21 | Build | Barracks |
| 9:45 | Create | Villager (Male) |
| 10:30 | Create | Villager (Male) |
| 10:30 | Create | Villager (Male) |
| 10:30 | Create | Villager (Male) |
| 10:55 | Create | Villager (Male) |
Build order — 杨梓激二蚕蛹
0 actions detected in the replay
Build order — gjhabraham
33 actions detected in the replay
| 0:31 | Research | Loom |
| 0:52 | Build | Palisade Wall |
| 1:02 | Create | Villager (Male) |
| 1:52 | Build | Palisade Gate |
| 2:02 | Build | Palisade Wall |
| 2:23 | Create | Villager (Male) |
| 2:23 | Create | Villager (Male) |
| 2:23 | Create | Villager (Male) |
| 2:24 | Create | Villager (Male) |
| 2:24 | Create | Villager (Male) |
| 2:35 | Build | House |
| 2:37 | Build | House |
| 2:39 | Build | House |
| 3:54 | Build | Lumber Camp |
| 5:27 | Create | Villager (Male) |
| 5:27 | Create | Villager (Male) |
| 5:27 | Create | Villager (Male) |
| 6:19 | Create | Villager (Male) |
| 6:19 | Create | Villager (Male) |
| 6:20 | Create | Villager (Male) |
| 8:23 | Create | Villager (Male) |
| 8:24 | Create | Villager (Male) |
| 8:24 | Create | Villager (Male) |
| 8:24 | Create | Villager (Male) |
| 8:48 | Build | Barracks |
| 10:46 | Create | Villager (Male) |
| 10:46 | Create | Villager (Male) |
| 10:47 | Create | Villager (Male) |
| 10:47 | Create | Villager (Male) |
| 10:47 | Create | Villager (Male) |
| 10:47 | Create | Villager (Male) |
| 10:48 | Create | Villager (Male) |
| 10:48 | Create | Villager (Male) |
Build order — Flutterby
23 actions detected in the replay
| 0:34 | Build | Palisade Wall |
| 0:50 | Create | Villager (Male) |
| 0:50 | Create | Villager (Male) |
| 0:50 | Create | Villager (Male) |
| 0:50 | Create | Villager (Male) |
| 0:51 | Create | Villager (Male) |
| 1:18 | Build | Palisade Wall |
| 1:27 | Build | House |
| 1:30 | Build | House |
| 2:33 | Build | Palisade Wall |
| 3:53 | Build | Palisade Wall |
| 4:08 | Create | Villager (Male) |
| 5:34 | Create | Villager (Male) |
| 5:34 | Create | Villager (Male) |
| 5:35 | Create | Villager (Male) |
| 8:06 | Build | Barracks |
| 8:10 | Build | House |
| 8:12 | Build | House |
| 8:32 | Create | Villager (Male) |
| 8:32 | Create | Villager (Male) |
| 8:32 | Create | Villager (Male) |
| 8:52 | Build | Mill |
| 11:07 | Build | Lumber Camp |
Match timeline
| 0:05 | 杨梓激二蚕蛹 · resign |
| 0:34 | Flutterby · wall_segment Palisade Wall x16 |
| 0:52 | gjhabraham · wall_segment Palisade Wall x8 |
| 1:18 | Flutterby · wall_segment Palisade Wall x6 |
| 2:02 | gjhabraham · wall_segment Palisade Wall x6 |
| 2:33 | Flutterby · wall_segment Palisade Wall x7 |
| 2:34 | MoldyShelf59466 · wall_segment Palisade Wall x16 |
| 3:53 | Flutterby · wall_segment Palisade Wall x5 |
| 5:59 | Ghosts_See_Me · wall_segment Palisade Wall x17 |
| 7:02 | MoldyShelf59466 · wall_segment Palisade Wall x24 |
| 8:06 | Flutterby · first_building Barracks |
| 8:48 | gjhabraham · first_building Barracks |
| 9:21 | Ghosts_See_Me · first_building Barracks |
| 10:41 | MoldyShelf59466 · first_building Barracks |
[ AI ANALYSIS · 1 CREDIT ]
What really happened in this match?
Wolo.gg analyzes every decision: build order, eco, micro, common mistakes by bracket. Personalized analysis on WhatsApp or Discord in 30 seconds.
Civ guide
Khmer
Map guide
Black Forest
Perfil
Jugador #23666348